 Dungeon Crawl Stone Soup version 0.22-a0-402-ga933591 (webtiles) character file.

2490 Borgoz the Covert (level 9, 0/56 HPs)
             Began as a Gargoyle Assassin on May 6, 2018.
             Shot with a sling bullet by Joseph (9 damage)
             ... on level 7 of the Dungeon.
             The game lasted 00:18:49 (7394 turns).

Borgoz the Covert (Gargoyle Assassin)               Turns: 7394, Time: 00:18:50

Health: 0/56       AC: 11    Str: 20    XL:     9   Next: 52%
Magic:  9/9        EV: 14    Int: 10    God:
Gold:   432        SH:  0    Dex: 14    Spells: 8/8 levels left

rFire    . . .     SeeInvis .   a - +3 dagger
rCold    . . .     Gourm    .   (no shield)
rNeg     + . .     Faith    .   c - +0 robe
rPois    ∞         Spirit   .   (no helmet)
rElec    +         Reflect  .   t - +2 cloak
rCorr    .         Harm     .   (no gloves)
MR       .....                  (no boots)
Stlth    ++++......             s - amulet of regeneration
HPRegen  0.58/turn              y - -2 ring of intelligence (curse)
MPRegen  0.11/turn              (no ring)

@: mighty
A: negative energy resistance 1, electricity resistance, unbreathing,
petrification resistance, rot immunity, AC +6
a: no special abilities


You were on level 7 of the Dungeon.
You were not hungry.

You visited 2 branches of the dungeon, and saw 8 of its levels.

You collected 432 gold pieces.

Inventory:

Hand Weapons
 a - a +3 dagger (weapon)
 b - a +0 blowgun
Missiles
 e - 29 poisoned needles
 f - 2 curare-tipped needles
 u - 15 needles of confusion
Armour
 c - a +0 robe (worn)
 t - a +2 cloak (worn)
Jewellery
 s - an amulet of regeneration (around neck)
 y - a cursed -2 ring of intelligence (left hand)
Wands
 q - a wand of paralysis (11)
 D - a wand of random effects (17)
Scrolls
 d - a scroll of magic mapping
 i - 4 scrolls of enchant weapon
 j - 4 scrolls of remove curse
 m - a scroll of summoning {unknown}
 n - 2 scrolls of amnesia
 o - a scroll of enchant armour
 r - 3 scrolls of random uselessness {unknown}
 v - 3 scrolls of teleportation {unknown}
 w - a scroll of fear {unknown}
 x - 2 scrolls of immolation {unknown}
 A - a scroll of fog {unknown}
 C - a scroll of silence {unknown}
Potions
 k - 2 potions of brilliance
 l - a potion of curing
 p - a potion of flight
 z - a potion of resistance
Comestibles
 g - 15 rations
 h - 8 chunks of flesh


   Skills:
 + Level 6.7 Fighting
 * Level 6.1 Short Blades
 - Level 1.7 Throwing
 + Level 2.4 Armour
 + Level 4.8 Dodging
 * Level 8.9 Stealth


You had 8 spell levels left.
You didn't know any spells.

Dungeon Overview and Level Annotations

Branches:
Dungeon (7/15)             Temple (1/1) D:4

Altars:
Ashenzari
Elyvilon
Fedhas
Gozag
Hepliaklqana
Kikubaaqudgha
Makhleb
Nemelex Xobeh
Okawaru
Ru
Sif Muna
Trog
Uskayaw
Vehumet
Wu Jian
Xom
Yredelemnul
Zin

Annotations:
D:7 Joseph


Innate Abilities, Weirdness & Mutations

You are resistant to torment.
Your stone body is resilient. (AC +6)
You are immune to poison.
You resist negative energy. (rN+)
You are resistant to electric shocks. (rElec)
You can survive without breathing.
You are immune to petrification.
You are immune to rotting.


Message History

Joseph is heavily wounded.
You puncture Joseph!
Joseph is severely wounded.
Joseph hits you with an uncursed quarterstaff.
You hit Joseph but do no damage.
Joseph is severely wounded.
You hit Joseph.
Joseph is severely wounded.
Joseph hits you with an uncursed quarterstaff!
* * * LOW HITPOINT WARNING * * *
Joseph drinks a potion.
Joseph is healed!
You feel better.
You hit Joseph but do no damage.
Joseph is moderately wounded.
Joseph hits you with an uncursed quarterstaff.
* * * LOW HITPOINT WARNING * * *
Joseph unwields an uncursed quarterstaff.
Joseph wields an uncursed hunting sling.
Joseph shoots a sling bullet.
The sling bullet hits you!
You die...

###### #....# #########
#....#########...÷...#
#<.............#####.## #
#.........###### #..# #
#..........# ##># # #...........#
######.#### ##
#...........####(........## .#
###.........@.@...........### .#
#.........####............. .#
#.........# #(.........###.
.######....>....###.########## ##
.#..[............##(# #.
.#...............##.#### ##.
.#.................(...########.)
.#(..................(...........
.#<....#.......##.....#..........


You could see Joseph.

Vanquished Creatures
  The ghost of Thaneod the Chopper, a novice VSFi of Trog (D:5)
  Sigmund (D:5)
  An orc warrior (D:6)
  A sky beast (D:7)
  An ice beast (D:6)
  The ghost of namelastname112 the Skirmisher, an amateur DrWn (D:3)
  4 ogres
  A phantom (D:6)
  4 bullfrogs
  5 scorpions
  2 howler monkeys (D:7)
  A centaur zombie (D:7)
  2 crimson imps (D:7)
  2 jellies
  5 orc wizards
  A gnoll shaman (D:6)
  4 worker ants
  A worker ant zombie (D:7)
  2 howler monkey zombies (D:7)
  5 gnolls
  8 adders
  4 worms
  5 dart slugs
  4 leopard geckos
  17 orcs
  A ball python (D:7)
  4 giant cockroaches
  9 hobgoblins
  4 jackals
  8 quokkas
  A ball python skeleton (D:4)
  10 bats
  8 frilled lizards
  A giant cockroach zombie (D:5)
  12 goblins
  A jackal skeleton (D:3)
  A jackal zombie (D:6)
  12 kobolds
  2 quokka zombies
  8 rats
165 creatures vanquished.

Notes
Turn   | Place    | Note
-------+----------+-------------------------------------------
     0 | D:1      | Borgoz the Gargoyle Assassin began the quest for the Orb.
     0 | D:1      | Reached XP level 1. HP: 12/12 MP: 1/1
   153 | D:1      | Reached skill level 1 in Dodging
   196 | D:1      | Reached XP level 2. HP: 10/18 MP: 2/2
   620 | D:1      | Reached XP level 3. HP: 16/22 MP: 3/3
  1419 | D:2      | Reached XP level 4. HP: 25/28 MP: 4/4
  1551 | D:2      | Found a sacrificial altar of Ru.
  1562 | D:2      | Reached skill level 5 in Stealth
  2106 | D:3      | Reached XP level 5. HP: 29/32 MP: 5/5
  2630 | D:3      | Noticed namelastname112's ghost (amateur DrWn)
  2677 | D:4      | Found an opulent altar of Gozag.
  2715 | D:4      | Reached XP level 6. HP: 20/38 MP: 6/6
  2759 | D:4      | Found an ornate altar of the Wu Jian Council.
  3115 | D:5      | Entered Level 5 of the Dungeon
  3147 | D:5      | Found a bloodstained altar of Trog.
  3172 | D:5      | Found a shattered altar of Ashenzari.
  3377 | D:5      | Noticed Sigmund
  3390 | D:5      | Killed Sigmund
  3390 | D:5      | Reached skill level 6 in Stealth
  3390 | D:5      | Reached XP level 7. HP: 38/44 MP: 7/7
  3459 | D:5      | Noticed Thaneod's ghost (novice VSFi)
  3944 | D:4      | Found a staircase to the Ecumenical Temple.
  4198 | D:4      | Reached skill level 5 in Fighting
  4418 | Temple   | Entered the Ecumenical Temple
  4647 | D:3      | Killed namelastname112's ghost
  4647 | D:3      | Reached XP level 8. HP: 38/49 MP: 8/8
  5245 | D:6      | Reached skill level 7 in Stealth
  5934 | D:5      | Killed Thaneod's ghost
  5934 | D:5      | Reached skill level 5 in Short Blades
  6266 | D:6      | Found a sacrificial altar of Ru.
  6267 | D:6      | Found a hide-covered altar of Uskayaw.
  6267 | D:6      | Found a burning altar of Makhleb.
  6278 | D:6      | Found an ancient bone altar of Kikubaaqudgha.
  6519 | D:7      | Found a basalt altar of Yredelemnul.
  6558 | D:6      | Reached skill level 1 in Armour
  6558 | D:6      | Reached skill level 8 in Stealth
  6628 | D:6      | Reached XP level 9. HP: 55/55 MP: 9/9
  7358 | D:7      | Noticed Joseph
  7394 | D:7      | Shot with a sling bullet by Joseph

Vault maps used:
D:1:      dpeg_arrival_pits, serial_bayou_crossing
D:2:      nicolae_ru_great_annihilating_truth
D:3:      kennysheep_six_static_rooms
D:4:      nicolae_overflow_crystal_walls, lemuel_temple_firewalk_a,
          first_ration, grunt_gozag_breadcrumbs
D:5:      bloody_trog, cheibrodos_ashenzari_chains, uniq_sigmund
D:6:      chequers_temple_overflow_statue_of_worship
D:7:      lemuel_round_altar, uniq_joseph
Temple:   compressed_dpeg_circular_temple

Skill      XL: |  1  2  3  4  5  6  7  8  9 |
---------------+----------------------------+-----
Dodging        | 1 2 3 4 |  4.8
Short Blades   | 2 3 4 5 6 |  6.1
Fighting       | 3 4 5 6 |  6.7
Stealth        | 5 6 8 |  8.9
Armour         | 1 2 |  2.4
Throwing       | |  1.7

Action                   |  1- 3 |  4- 6 |  7- 9 || total
-------------------------+-------+-------+-------++-------
Melee: Dagger            |   140 |   211 |   682 ||  1033
 Fire: Blowgun           |       |       |    12 ||    12
Evoke: Wand              |       |       |     1 ||     1
  Use: Scroll            |       |    10 |     2 ||    12
       Potion            |       |     1 |     7 ||     8
 Stab: Sleeping          |     2 |    14 |     7 ||    23
       Paralysed         |       |     1 |     1 ||     2
       Distracted        |       |     1 |     3 ||     4
  Eat: Chunk             |     2 |     5 |    15 ||    22
Armor: Robe              |    67 |    63 |   144 ||   274
       Skin              |       |       |    13 ||    13
Dodge: Dodged            |   104 |   117 |   301 ||   522

Table legend:
 A = Spawn XP
 B = Non-spawn XP
 C = Spawn XP percentage of total XP
 D = Spawn monster count
 E = Non-spawn monster count
 F = Spawn count percentage of total count
 G = Total turns spent on level
                    A         B        C        D         E        F      G
               +---------+---------+-------+---------+---------+-------+---------
         Total |       0 |    3558 |   0.0 |       0 |     165 |   0.0 |  7394
               +---------+---------+-------+---------+---------+-------+---------
           D:1 |       0 |      51 |   0.0 |       0 |      27 |   0.0 |  1082
           D:2 |       0 |     103 |   0.0 |       0 |      34 |   0.0 |   996
           D:3 |       0 |     287 |   0.0 |       0 |      30 |   0.0 |   811
           D:4 |       0 |     505 |   0.0 |       0 |      17 |   0.0 |  1431
           D:5 |       0 |     703 |   0.0 |       0 |       8 |   0.0 |  1151
           D:6 |       0 |     782 |   0.0 |       0 |      17 |   0.0 |  1118
           D:7 |       0 |    1127 |   0.0 |       0 |      32 |   0.0 |   723
               +---------+---------+-------+---------+---------+-------+---------
